 Dungeon Crawl Stone Soup version 0.30-a0-1016-gfb0d676c02 (webtiles) character file.

Game seed: 1555474543616835791

1701 Maxmaps the Caller (level 8, -7/64 HPs)
             Began as a Demonspawn Monk on Apr 7, 2023.
             Was an Initiate of Gozag.
             Mangled by a wyvern (10 damage)
             ... on level 7 of the Dungeon.
             The game lasted 00:17:53 (6265 turns).

Maxmaps the Caller (Demonspawn Monk)                Turns: 6265, Time: 00:17:53

Health: -7/64      AC:  9    Str: 11    XL:     8   Next: 73%
Magic:  8/12       EV:  9    Int: 14    God:    Gozag
Gold:   489        SH:  6    Dex: 16    Spells: 10/13 levels left

rFire   . . .      SeeInvis .      - Unarmed
rCold   . . .      Faith    .    p - +1 buckler
rNeg    . . .      Spirit   .    b - +0 scale mail
rPois   .          Reflect  .    s - +1 helmet
rElec   .          Rampage  .    m - +0 cloak
rCorr   .                        (no gloves)
Will    .....                    (no boots)
Stlth   +                        (no amulet)
HPRegen 0.30/turn                (no ring)
MPRegen 0.13/turn                (no ring)

@: very slightly contaminated
A: foul stench 2, weakness stinger 2
a: Renounce Religion, Potion Petition, Call Merchant, Bribe Branch


You were on level 7 of the Dungeon.
You worshipped Gozag.
Gozag was aware of your devotion.
You visited 2 branches of the dungeon, and saw 8 of its levels.

You collected 489 gold pieces.

Inventory:

Armour
 b - a +0 scale mail (worn)
 m - a +0 cloak (worn)
 p - a +1 buckler (worn)
 s - a +1 helmet (worn)
Wands
 e - a wand of paralysis (10)
 n - a wand of quicksilver (7)
Scrolls
 a - a scroll of enchant weapon
 c - 2 scrolls of enchant armour
 g - a scroll of brand weapon
 h - a scroll of teleportation
 i - a scroll of magic mapping {unknown}
 j - a scroll of identify
Potions
 d - 3 potions of curing
 f - 4 potions of invisibility
 k - a potion of lignification
 l - 2 potions of heal wounds
 o - 3 potions of brilliance
 q - a potion of mutation
 r - 3 potions of flight


   Skills:
 - Level 6.0 Fighting
 + Level 2.7 Armour
 - Level 4.1 Dodging
 - Level 1.7 Stealth
 - Level 4.0 Shields
 - Level 2.6 Unarmed Combat
 - Level 3.1 Spellcasting
 - Level 6.1 Summonings


You had 10 spell levels left.
You knew the following spells:

 Your Spells              Type           Power      Damage    Failure   Level
a - Call Canine Familiar  Summ           19%        N/A       36%         3

Your spell library contained the following spells:

 Spells                   Type           Power      Damage    Failure   Level
 Slow                     Hex            8%         N/A       83%         1
 Confusing Touch          Hex            2%         N/A       99%         3
 Portal Projectile        Hex/Tloc       4%         N/A       99%         3
 Vampiric Draining        Necr           2%         2d6       99%         3
 Leda's Liquefaction      Hex/Erth       1%         N/A       100%        4


Dungeon Overview and Level Annotations

Branches:
Dungeon (7/15)             Temple (1/1) D:7

Altars:
Ashenzari
Dithmenos
Fedhas
Gozag
Hepliaklqana
Kikubaaqudgha
Makhleb
Nemelex Xobeh
Okawaru
Qazlal
Ru
Trog
Uskayaw
Vehumet
Wu Jian
Xom
Yredelemnul

Shops:
D:1 [


Innate Abilities, Weirdness & Mutations

You sometimes emit foul miasma when damaged in melee.
You have a tail ending in a sharp stinger.


Message History

The wyvern hisses menacingly.
Casting: Call Canine Familiar (dangerous; 36% risk of failure)
Confirm with . or Enter, or press ? or * to list all spells.
You miscast Call Canine Familiar.
You are very lightly contaminated with residual magic.
Desperate hands claw out at you.
A nameless horror comes into view.
You hit the wyvern but do no damage.
The wyvern bites you but does no damage.
The wyvern bites you!
You barely miss the wyvern. You tail-slap the wyvern.
The wyvern is lightly wounded.
The wyvern closely misses you.
The nameless horror hits you but does no damage.
You hit the wyvern.
The wyvern is lightly wounded.
The wyvern bites you but does no damage.
The orc hits you with a +0 hand axe.
You emit a cloud of foul miasma!
The wyvern bites you!
* * * LOW HITPOINT WARNING * * *
The nameless horror hits you.
* * * LOW HITPOINT WARNING * * *
You feel your power leaking away.
The orc is engulfed in dark miasma.
The orc is poisoned.
The nameless horror hits you but does no damage.
The nameless horror attacks as you move away!
The nameless horror hits you.
* * * LOW HITPOINT WARNING * * *
You feel your power leaking away. The wyvern bites you!
* * * LOW HITPOINT WARNING * * *
The wyvern attacks as you move away!
The wyvern bites you but does no damage.
You block the wyvern's attack. The wyvern bites you.
* * * LOW HITPOINT WARNING * * *
You emit a cloud of foul miasma!
The orc attacks as you move away! The orc hits you but does no damage.
The wyvern attacks as you move away! The wyvern bites you!
You die...
Your body crumbles into a pile of gold.

#.# # #.# # #.### #.#
###### ##....##.#
######..... #......#.#
#....#..... #....#.#)#
#....#...#. #....#.#)#
#....#.....
#....#.#.#####....#.).8.
..##....#o@................
........Xl..#####....#...#.
..##.........# #....#.....
$ #[...####..# ######.....
####.. #..# #..... #.. #.#
###### #$.. .# #... # #....


You could see a nameless horror, a wyvern and an orc (poisoned).

Vanquished Creatures
  2 steam dragons
  A water moccasin (D:5)
  An orc warrior (D:7)
  An ogre (D:5)
  A phantom (D:5)
  A scorpion (D:4)
  2 hounds
  Crazy Yiuf (D:6)
  2 orc priests
  3 jellies
  2 sleepcaps
  3 iguanas
  4 orc wizards
  9 adders
  2 gnolls (D:7)
  A white imp (D:6)
  A dart slug (D:2)
  11 orcs
  9 endoplasms
  3 giant cockroaches
  11 goblins
  5 hobgoblins
  2 jackals (D:4)
  2 quokkas
  10 ball pythons
  5 bats
  A frilled lizard (D:3)
  5 kobolds
  9 rats
110 creatures vanquished.

Vanquished Creatures (collateral kills)
  A water moccasin (D:7)
  An ice beast (D:6)
  A scorpion (D:6)
  A hound (D:5)
  2 orc priests
  An orc wizard (D:5)
7 creatures vanquished.

Vanquished Creatures (others)
  A gnoll (D:7)
  5 plants (D:3)
  5 toadstools (D:1)
11 creatures vanquished.

Grand Total: 128 creatures vanquished

Notes
Turn   | Place    | Note
-------+----------+-------------------------------------------
     0 | D:1      | Maxmaps the Demonspawn Monk began the quest for the Orb.
     0 | D:1      | Reached XP level 1. HP: 18/18 MP: 1/1
   114 | D:1      | Found a faded altar of an unknown god.
   311 | D:1      | Gained mutation: You have a small tail. [demonic ancestry]
   311 | D:1      | Reached XP level 2. HP: 24/24 MP: 2/2
   620 | D:1      | Found Laxkel's Armour Shop.
   930 | D:2      | Reached XP level 3. HP: 27/29 MP: 3/3
  1744 | D:3      | Gained mutation: You have a tail ending in a sharp stinger.
                  | [demonic ancestry]
  1744 | D:3      | Reached XP level 4. HP: 18/35 MP: 4/4
  2933 | D:4      | Noticed a scorpion
  2949 | D:4      | Reached skill level 1 in Shields
  2949 | D:4      | Gained mutation: You may rarely emit foul miasma when
                  | damaged in melee. [demonic ancestry]
  2949 | D:4      | Reached XP level 5. HP: 34/42 MP: 5/5
  3120 | D:4      | Learned a level 3 spell: Call Canine Familiar
  3273 | D:4      | HP: 2/42 [iguana (12)]
  3513 | D:4      | Identified the +0 robe "Biros" {Regen+}
  3578 | D:5      | Entered Level 5 of the Dungeon
  3578 | D:5      | Noticed a phantom
  3596 | D:5      | Killed a phantom
  3597 | D:5      | Gained mutation: You sometimes emit foul miasma when
                  | damaged in melee. [demonic ancestry]
  3597 | D:5      | Reached XP level 6. HP: 39/48 MP: 6/6
  3716 | D:5      | Reached skill level 1 in Spellcasting
  3947 | D:5      | Reached XP level 7. HP: 37/54 MP: 11/11
  4666 | D:6      | Noticed a steam dragon
  4677 | D:6      | Killed a steam dragon
  4769 | D:6      | Found a runed translucent door.
  4770 | D:6      | Noticed Crazy Yiuf
  4808 | D:6      | Reached skill level 5 in Summonings
  4865 | D:6      | Reached XP level 8. HP: 42/60 MP: 8/12
  5311 | D:6      | Found a bloodstained altar of Trog.
  5311 | D:6      | Found an ornate altar of the Wu Jian Council.
  5311 | D:6      | Found a radiant altar of Vehumet.
  5312 | D:6      | Found a hide-covered altar of Uskayaw.
  5529 | D:6      | Killed Crazy Yiuf
  5640 | D:7      | Reached skill level 5 in Fighting
  5935 | D:7      | Found a staircase to the Ecumenical Temple.
  5954 | Temple   | Entered the Ecumenical Temple
  6080 | Temple   | Became a worshipper of Gozag Ym Sagoz the Greedy
  6155 | D:7      | Reached skill level 1 in Armour
  6264 | D:7      | HP: 3/64 [wyvern (4)]
  6265 | D:7      | Mangled by a wyvern

Illustrated notes

Levels and vault maps discovered:
D:1:      ldierk_walled_garden, layout_loops_ring, serial_shops,
          nicolae_lakefront_shop, basic_ecumenical_altar, nrook_campfire
D:2:      layout_rooms
D:3:      layout_basic, minmay_shallow_snake_nest
D:4:      layout_rooms
D:5:      layout_loops_ring
D:6:      layout_basic, chequers_temple_overflow_statue_of_worship,
          uniq_crazy_yiuf_cottage
D:7:      layout_basic, nicolae_sif_muna_condensation,
          minmay_temple_entry_statues_pillars, serial_shops, nicolae_square_shop
Temple:   kb_temple_of_zot

Skill      XL: |  1  2  3  4  5  6  7  8 |
---------------+-------------------------+-----
Dodging        | 3 4 |  4.1
Fighting       | 4 6 |  6.0
Shields        | 1 4 |  4.0
Spellcasting   | 3 |  3.1
Summonings     | 5 6 |  6.1
Armour         | 2 |  2.7
Stealth        | |  1.7
Unarmed Combat | |  2.6

Action                     |  1- 3 |  4- 6 |  7- 9 || total
---------------------------+-------+-------+-------++-------
  Melee: Unarmed           |   174 |   215 |   172 ||   561
         Punch             |     5 |     2 |       ||     7
         Tailslap          |    15 |    32 |    28 ||    75
   Cast: Call Canine Famil |       |       |    15 ||    15
    Use: Potion            |     1 |     8 |     2 ||    11
         Scroll            |       |    13 |     1 ||    14
   Stab: Sleeping          |     6 |     5 |     4 ||    15
 Armour: Robe              |    30 |    26 |    15 ||    71
         Scale mail        |       |       |    14 ||    14
  Dodge: Dodged            |   109 |   139 |    87 ||   335
  Block: Buckler           |       |    36 |    51 ||    87

Table legend: (Time is in decaauts)
 A = Elapsed time spent in this place.
 B = Non-inter-level travel time spent in this place.
 C = Inter-level travel time spent in this place.
 D = Time resting spent in this place.
 E = Time spent auto-exploring this place.
 F = Levels seen in this place.
 G = Mean time per level.
                   A        B        C        D        E       F      G
               +--------+--------+--------+--------+--------+-----+--------+
         Total |   6255 |   5747 |    508 |    144 |   4201 |   8 |  781.9 |
       Dungeon |   6093 |   5608 |    485 |    144 |   4109 |   7 |  870.4 |
        Temple |    162 |    139 |     23 |      0 |     92 |   1 |  162.0 |
               +--------+--------+--------+--------+--------+-----+--------+

Top non-repeatable levels by time:
     D:6: 1373 daAuts
     D:3: 1228 daAuts
     D:4: 874 daAuts
     D:5: 840 daAuts
     D:1: 796 daAuts
     D:2: 669 daAuts
     D:7: 310 daAuts
  Temple: 162 daAuts
